 Dungeon Crawl Stone Soup version 0.31-a0-995-g04711c9635 (webtiles) character file.

Game seed: 13981037729019326324

17336 Gargoyl the Cleaver (level 12, 0/115 HPs)
             Began as a Gargoyle Berserker on Nov 6, 2023.
             Was a High Priest of Trog.
             Slain by a black mamba (2 damage)
             ... on level 1 of the Lair of Beasts.
             The game lasted 00:14:31 (11162 turns).

Gargoyl the Cleaver (Gargoyle Berserker)           Turns: 11162, Time: 00:14:32

Health: 0/115      AC: 26    Str: 21    XL:     12   Next: 46%
Magic:  12/12      EV:  2    Int:  9    God:    Trog [*****.]
Gold:   612        SH:  0    Dex: 13    Spells: 11/11 levels left

rFire   + . .        z - +2 battleaxe (venom)
rCold   + . .        (shield currently unavailable)
rNeg    + . .        e - melded +2 scale mail {rC+}
rPois   ∞            j - melded +2 helmet
rElec   +            (cloak currently unavailable)
rCorr   +            t - melded +1 pair of gloves
SInv    .            q - melded +0 pair of boots
Will    .....        (no amulet)
Stlth   ++           d - ring of resist corrosion
HPRegen 0.39/turn    (no ring)
MPRegen 0.13/turn

%: no passive effects
@: tree-form, resistant, hasted, very quick
A: stationary, stasis, torment immunity, boosted hp, sickness immunity, AC +8,
negative energy resistance 1, (electricity resistance), torment resistance 1,
petrification resistance
a: Renounce Religion, Berserk, Trog's Hand, Brothers in Arms


You were on level 1 of the Lair of Beasts.
You worshipped Trog.
Trog was extremely pleased with you.
You were a tree.
You visited 2 branches of the dungeon, and saw 12 of its levels.
You also visited: Sewer.

You collected 612 gold pieces.

Inventory:

Hand Weapons
 a - a +1 vampiric hand axe
 z - a +2 battleaxe of venom (weapon)
 F - a +5 flail
 H - a +2 scimitar of flaming
Missiles
 c - 4 throwing nets
 f - 78 poisoned darts (quivered)
Armour
 e - a +2 scale mail of cold resistance (melded)
 j - a +2 helmet (melded)
 q - a +0 pair of boots (melded)
 t - a +1 pair of gloves (melded)
Jewellery
 d - a ring of resist corrosion (left branch)
 m - a ring of flight
 A - a +4 ring of protection
 I - a ring of positive energy
 J - a +6 ring of strength
 L - an amulet of faith
Wands
 k - a wand of flame (44)
 o - a wand of polymorph (14)
 y - a wand of paralysis (23)
 C - a wand of iceblast (8)
 D - a wand of mindburst (16)
Scrolls
 b - a scroll of vulnerability
 h - 2 scrolls of teleportation
 l - 2 scrolls of poison
 n - 3 scrolls of revelation
 p - 2 scrolls of immolation
 u - 6 scrolls of identify
 K - a scroll of enchant weapon
 M - a scroll of fear {unknown}
Potions
 i - 5 potions of might
 r - 2 potions of invisibility
 v - 3 potions of resistance
 w - a potion of magic {unknown}
 x - 2 potions of haste
 B - a potion of lignification
 G - a potion of cancellation {unknown}
 N - a potion of enlightenment {unknown}


   Skills:
 + Level 10.1 Fighting
 + Level 14.1 Axes
 + Level 8.4 Armour
 + Level 5.8 Dodging
 + Level 2.1 Stealth


You had 11 spell levels left.
You didn't know any spells.
Your spell library was empty.

Dungeon Overview and Level Annotations

Branches:
Dungeon (11/15)            Temple (0/1) D:7            Lair (1/5) D:11
  Sewer (visited)
    Orc: D:9-12

Altars:
Cheibriados
Elyvilon
Gozag
Nemelex Xobeh
Qazlal
Ru
Sif Muna
Uskayaw
Xom
Yredelemnul

Shops:
D:1 (


Innate Abilities, Weirdness & Mutations

You are a tree.
Your roots penetrate the ground, keeping you stationary.
You cannot be teleported.
You are immune to unholy pain and torment.
Your maximum health is greatly increased.
Your equipment is partially melded.
You are immune to sickness and miasma.
((Your stone body is resilient. (AC +8)))
You are immune to poison.
You resist negative energy. (rN+)
((You are resistant to electric shocks. (rElec)))
You are resistant to unholy torment.
You are immune to petrification.


Message History

The black mamba is severely wounded.
You slash the cane toad! The black mamba bites you!
* * * LOW HITPOINT WARNING * * *
The cane toad stings you.
* * * LOW HITPOINT WARNING * * *
The black mamba bites you but does no damage.
It was a potion of haste.
You feel yourself speed up.
The black mamba bites you but does no damage.
The cane toad barely misses you. The black mamba barely misses you.
It was a potion of lignification.
You turn into a tree.
Your +2 helmet melds into your body.
Your +1 pair of gloves melds into your body.
Your +0 pair of boots melds into your body.
Your +2 scale mail of cold resistance melds into your body.
You feel less resistant to cold.
Your roots penetrate the ground.
The cane toad stings you but does no damage.
The black mamba bites you but does no damage.
It was a potion of resistance.
You feel protected. The black mamba barely misses you.
The cane toad stings you but does no damage.
Unknown command.
You closely miss the black mamba.
The black mamba is severely wounded.
You slash the cane toad!
The black mamba bites you but does no damage.
The cane toad stings you but does no damage.
Unknown command.
You slash the black mamba!
The black mamba is almost dead.
You hit the cane toad.
The black mamba bites you but does no damage.
Unknown command.
You miss the black mamba.
The black mamba is almost dead.
You hit the cane toad.
The cane toad is poisoned.
The black mamba bites you.
* * * LOW HITPOINT WARNING * * *
The cane toad stings you but does no damage.
The black mamba bites you.
You die...

. .. ####.# # ..
#P. .. .# .##
#....# ##.# ..#
####(..##
#####.###.#.....#
#.F...........#
...#....###..###
###..# #FS.# #.##
##♣## .. ### ...
#..# .$.


You could see a black mamba and a cane toad (very poisoned).

Vanquished Creatures
  A centaur warrior (D:11)
  Erica (D:9)
  2 boulder beetles
  A cyclops (D:11)
  A black mamba (Lair:1)
  3 gargoyles
  A cane toad (Lair:1)
  Maggie (D:6)
  2 unseen horrors (D:10)
  2 kobold demonologists
  2 komodo dragons (Lair:1)
  2 trolls
  A hornet (D:9)
  Grinder (D:5)
  Sigmund (D:5)
  3 wraiths
  2 wyverns
  13 yaks
  5 steam dragons
  3 vampire mosquitoes (D:10)
  Menkaure (D:7)
  Duvessa (D:6)
  A water moccasin (D:9)
  8 orc warriors
  An ogre (D:5)
  5 wolves (Lair:1)
  6 centaurs
  10 kobold brigands
  3 gnoll sergeants (D:9)
  5 bullfrogs
  A scorpion (D:5)
  18 wights
  Dowan (D:6)
  6 killer bees
  A howler monkey (D:5)
  3 jellies
  6 hounds
  2 gnoll boudas
  2 sleepcaps
  13 orc priests
  3 iguanas
  Terence (D:2)
  14 orc wizards
  A scorpion zombie (D:3)
  10 adders
  25 gnolls
  11 river rats (Sewer)
  3 white imps
  2 ufetubi (D:6)
  2 worms
  2 dart slugs
  55 orcs
  3 bats (D:2)
  4 endoplasms
  8 giant cockroaches
  6 goblins
  5 hobgoblins
  8 jackals
  42 kobolds
  8 quokkas
  10 ball pythons
  3 frilled lizards
  A quokka zombie (D:3)
  21 rats
  A spectral goblin (D:1)
391 creatures vanquished.

Vanquished Creatures (collateral kills)
  Jeremiah (D:7)
  A kobold (D:9)
2 creatures vanquished.

Vanquished Creatures (others)
  A killer bee (D:9)
  An orc (D:9)
2 creatures vanquished.

Grand Total: 395 creatures vanquished

Notes
Turn   | Place    | Note
-------+----------+-------------------------------------------
     0 | D:1      | Gargoyl the Gargoyle Berserker began the quest for the Orb.
     0 | D:1      | Reached XP level 1. HP: 14/14 MP: 1/1
   193 | D:1      | Reached XP level 2. HP: 17/19 MP: 2/2
   196 | D:1      | Reached skill level 3 in Axes
   402 | D:1      | Found a faded altar of an unknown god.
   422 | D:1      | Found Uboim's Antique Weapon Shoppe.
   521 | D:1      | Reached XP level 3. HP: 24/24 MP: 3/3
   884 | D:2      | Reached XP level 4. HP: 24/29 MP: 4/4
  1042 | D:2      | Noticed Terence
  1053 | D:2      | Killed Terence
  1137 | D:2      | Reached skill level 4 in Axes
  1578 | D:3      | Reached XP level 5. HP: 33/33 MP: 5/5
  1667 | D:3      | Found a stormy altar of Qazlal.
  1675 | D:3      | Found a shimmering altar of Xom.
  1699 | D:3      | Reached ** piety under Trog
  2700 | D:4      | Reached XP level 6. HP: 36/39 MP: 6/6
  3326 | D:4      | Found a sacrificial altar of Ru.
  3507 | D:5      | Entered Level 5 of the Dungeon
  3613 | D:5      | Noticed Grinder
  3620 | D:5      | Paralysed by Grinder for 5 turns
  3630 | D:5      | Killed Grinder
  3631 | D:5      | Reached skill level 5 in Fighting
  3631 | D:5      | Reached skill level 5 in Axes
  3631 | D:5      | Reached skill level 1 in Stealth
  3631 | D:5      | Reached XP level 7. HP: 44/44 MP: 7/7
  3663 | D:5      | Found a glowing drain.
  3729 | Sewer    | Entered a sewer
  3928 | Sewer    | Reached *** piety under Trog
  4121 | Sewer    | Reached skill level 6 in Axes
  4121 | Sewer    | Reached XP level 8. HP: 48/50 MP: 8/8
  4467 | D:5      | Noticed Sigmund
  4478 | D:5      | Killed Sigmund
  4497 | D:5      | Reached skill level 5 in Armour
  4719 | D:5      | Reached skill level 7 in Axes
  4722 | D:5      | Identified a scroll of acquirement
  4722 | D:5      | Acquired a +2 battleaxe of venom
  5158 | D:6      | Noticed a wraith
  5172 | D:6      | Killed a wraith
  5173 | D:6      | Reached XP level 9. HP: 45/55 MP: 9/9
  5228 | D:6      | Noticed Dowan
  5228 | D:6      | Noticed Maggie
  5239 | D:6      | Killed Dowan
  5244 | D:6      | Killed Maggie
  5245 | D:6      | Reached skill level 8 in Axes
  5259 | D:6      | Noticed Duvessa
  5268 | D:6      | Killed Duvessa
  5761 | D:6      | Found a hide-covered altar of Uskayaw.
  5859 | D:7      | Reached **** piety under Trog
  5910 | D:7      | Reached skill level 9 in Axes
  5916 | D:7      | Noticed Menkaure
  5928 | D:7      | Killed Menkaure
  6035 | D:7      | Found a staircase to the Ecumenical Temple.
  6050 | D:7      | Reached XP level 10. HP: 56/63 MP: 10/10
  6101 | D:7      | Found a basalt altar of Yredelemnul.
  6436 | D:7      | Noticed Jeremiah
  6480 | D:7      | Killed Jeremiah
  6568 | D:8      | Reached skill level 10 in Axes
  6922 | D:8      | Found a snail-covered altar of Cheibriados.
  7123 | D:8      | Noticed a gargoyle
  7134 | D:8      | Killed a gargoyle
  7557 | D:9      | Identified the "Mezoug"
  7557 | D:9      | Identified the "Dydiy"
  7557 | D:9      | Identified the of Ozocsikk
  7706 | D:9      | Reached skill level 11 in Axes
  7800 | D:9      | Reached ***** piety under Trog
  8009 | D:9      | Found a white marble altar of Elyvilon.
  8011 | D:9      | Found an opulent altar of Gozag.
  8044 | D:9      | Received a gift from Trog
  8062 | D:9      | Reached XP level 11. HP: 28/69 MP: 11/11
  8236 | D:9      | Reached skill level 5 in Dodging
  8271 | D:9      | Noticed Erica
  8280 | D:9      | Killed Erica
  8777 | D:9      | Found a shimmering blue altar of Sif Muna.
  8827 | D:10     | Entered Level 10 of the Dungeon
  8839 | D:10     | Reached skill level 12 in Axes
  9485 | D:10     | Found a sparkling altar of Nemelex Xobeh.
  9828 | D:11     | Noticed a centaur warrior
  9839 | D:11     | Reached skill level 13 in Axes
  9841 | D:11     | Killed a centaur warrior
  9848 | D:11     | Identified the +1 spear "Arcanum" {antimagic, *Noise rC+
                  | Str+3}
 10271 | D:11     | Found a staircase to the Lair.
 10287 | D:11     | Reached XP level 12. HP: 71/76 MP: 12/12
 10686 | D:11     | Noticed a boulder beetle
 10695 | D:11     | Killed a boulder beetle
 10968 | Lair:1   | Entered Level 1 of the Lair of Beasts
 11058 | Lair:1   | Noticed a boulder beetle
 11077 | Lair:1   | Reached skill level 14 in Axes
 11079 | Lair:1   | Reached skill level 10 in Fighting
 11080 | Lair:1   | Killed a boulder beetle
 11152 | Lair:1   | HP: 2/77 [black mamba (9)]
 11162 | Lair:1   | HP: 2/115 [black mamba (2)]
 11162 | Lair:1   | Slain by a black mamba

Illustrated notes

Levels and vault maps discovered:
D:1:      sevenhm_arrival_forest_fort_small_5, layout_loops_ring,
          dreamdust_ecumenical_altar_drowned_temple, serial_shops,
          nicolae_shop_tiny_statue_garden, chequers_mini_garden
D:2:      cheibrodos_pilgrimage, layout_basic, minmay_stone_trees_small,
          uniq_terence
D:3:      layout_basic, amethyst_overflow_temple_binary, serial_undead,
          serial_undead_e, serial_undead_b, serial_undead_c, serial_undead_e
D:4:      layout_loops_ring, nicolae_ru_awakened_eye
D:5:      layout_basic, portal_sewer_entry_f, grunt_ministairs_5, uniq_grinder,
          uniq_sigmund
D:6:      layout_rooms, marbit_many_paths, uniq_duvessa, uniq_maggie
D:7:      layout_cave_pools, mainiacjoe_overflow_alcove_2,
          minmay_temple_entry_trees, uniq_menkaure, uniq_jeremiah
D:8:      layout_loops_ring, general_overflow_altar, st_stairs_11
D:9:      cheibrodos_steamvent, layout_irregular_city,
          chequers_temple_overflow_statue_of_worship,
          nicolae_sif_muna_little_library, kennysheep_generic_room_13,
          uniq_erica
D:10:     nicolae_cairo_tiling_very_big, layout_basic, pf_just_have_faith
D:11:     layout_basic, dpeg_oklobed_lair
Lair:1:   layout_misc_corridors, beast_lair_carwin_8, infiniplex_staircase_pool

Skill      XL: |  1  2  3  4  5  6  7  8  9 10 11 12 |
---------------+-------------------------------------+-----
Axes           | 3 4 5 6 7 9 11 13 14 | 14.1
Dodging        | 2 3 4 5 |  5.8
Fighting       | 4 5 6 7 8 9 10 | 10.1
Armour         | 4 5 6 7 8 |  8.4
Stealth        | 1 2 |  2.1

Action                     |  1- 3 |  4- 6 |  7- 9 | 10-12 || total
---------------------------+-------+-------+-------+-------++-------
  Melee: Hand axe          |    64 |   213 |   302 |       ||   579
         Punch             |       |     3 |     1 |       ||     4
         Battleaxe         |       |       |   112 |   498 ||   610
  Throw: Dart              |       |       |       |     1 ||     1
 Invoke: Berserk           |       |     5 |     5 |     5 ||    15
         Trog's Hand       |       |     2 |     3 |     6 ||    11
         Brothers in Arms  |       |       |       |     3 ||     3
    Use: Scroll            |     7 |     8 |     6 |     5 ||    26
         Potion            |       |       |       |     8 ||     8
 Armour: Animal skin       |    41 |    19 |       |       ||    60
         Scale mail        |       |   133 |   425 |   542 ||  1100
         Skin              |       |       |       |     9 ||     9
  Dodge: Dodged            |    44 |   121 |   288 |   379 ||   832

Table legend: (Time is in decaauts)
 A = Elapsed time spent in this place.
 B = Non-inter-level travel time spent in this place.
 C = Inter-level travel time spent in this place.
 D = Time resting spent in this place.
 E = Time spent auto-exploring this place.
 F = Levels seen in this place.
 G = Mean time per level.
                   A        B        C        D        E       F      G
               +--------+--------+--------+--------+--------+-----+--------+
         Total |  11486 |  11185 |    301 |     83 |   8142 |  13 |  883.5 |
       Dungeon |  10576 |  10276 |    300 |     50 |   7709 |  11 |  961.5 |
          Lair |    201 |    201 |      0 |     33 |     54 |   1 |  201.0 |
         Sewer |    707 |    707 |      0 |      0 |    379 |   1 |  707.0 |
               +--------+--------+--------+--------+--------+-----+--------+

Top non-repeatable levels by time:
     D:9: 1295 daAuts
    D:11: 1151 daAuts
     D:3: 1100 daAuts
     D:8: 1038 daAuts
    D:10: 1006 daAuts
     D:5: 1000 daAuts
     D:4: 884 daAuts
     D:1: 815 daAuts
     D:2: 790 daAuts
     D:6: 772 daAuts
     D:7: 721 daAuts
   Sewer: 707 daAuts
  Lair:1: 201 daAuts
